 Dungeon Crawl Stone Soup version 0.30-a0-528-g8c47a4955b (webtiles) character file.

Game seed: 14653440509470719798

9954 Pooter the Basher (level 11, -4/97 HPs)
             Began as a Minotaur Berserker on Dec 23, 2022.
             Was a Priest of Trog.
             Slain by an orc knight
             ... wielding a +0 war axe
              (19 damage)
             ... on level 1 of the Orcish Mines.
             The game lasted 00:58:48 (10896 turns).

Pooter the Basher (Minotaur Berserker)             Turns: 10896, Time: 00:58:48

Health: -4/97      AC: 14    Str: 24    XL:     11   Next: 29%
Magic:  10/10      EV:  7    Int:  6    God:    Trog [***...]
Gold:   292        SH:  0    Dex: 10    Spells: 10/10 levels left

rFire   x . .      SeeInvis .    a - +2 battleaxe
rCold   . . .      Faith    .    (shield currently unavailable)
rNeg    + . .      Spirit   .    w - +1 plate armour
rPois   .          Reflect  .    M - +0 hat
rElec   .          Harm     .    T - +0 cloak {Will+}
rCorr   .          Rampage  .    (no gloves)
Will    +++..                    H - +0 pair of boots Stlth
                                 c - amulet of regeneration
HPRegen 2.16/turn                k - ring "Qoara" {Fly rF- Slay+6}
MPRegen 0.12/turn                N - ring of positive energy

@: strong-willed, on berserk cooldown, flying, regenerating, slowed, studying
Long Blades, very slow
A: horns 2, retaliatory headbutt
a: Renounce Religion, Berserk, Trog's Hand


You were on level 1 of the Orcish Mines.
You worshipped Trog.
Trog was most pleased with you.
You visited 2 branches of the dungeon, and saw 10 of its levels.
You also visited: Sewer and Ossuary.

You collected 870 gold pieces.
You spent 578 gold pieces at shops.

Inventory:

Hand Weapons
 a - a +2 battleaxe (weapon)
   (You took it off an orc knight on level 9 of the Dungeon)
 b - a +0 shortbow
   (You took it off a centaur on level 9 of the Dungeon)
 h - a +2 hand axe of flaming
   (You took it off an orc on level 6 of the Dungeon)
 i - a +0 battleaxe of protection
   (You took it off an orc warrior on level 8 of the Dungeon)
 s - the +7 staff of the Meek {protect, meekguard}
   (You found it on level 8 of the Dungeon)

   It grants its wielder temporary protection when it strikes (+7 to AC).
   It provides extra protection to wielders with little health.
 P - a +0 flail of holy wrath
   (You took it off an orc on level 7 of the Dungeon)
 U - a +0 morningstar
   (You took it off an orc on level 3 of the Dungeon)
Missiles
 G - 21 poisoned darts (quivered)
 O - 2 boomerangs
 Q - 72 stones
 S - a curare-tipped dart
Armour
 w - a +1 plate armour (worn)
   (You found it on level 3 of the Dungeon)
 H - a +0 pair of boots (worn)
   (You found it on level 1 of the Dungeon)
 M - a +0 hat (worn)
   (You found it on level 6 of the Dungeon)
 T - a +0 cloak of willpower (worn)
   (You bought it in a shop on level 6 of the Dungeon)
Jewellery
 c - an amulet of regeneration (around neck)
   (You found it on level 1 of the Dungeon)
 k - the ring "Qoara" (left hand) {Fly rF- Slay+6}
   (You acquired it on level 4 of the Dungeon)

   [ring of flight]

   Slay:      It affects your accuracy & damage with ranged weapons and melee
   (+6).
   rF:        It makes you vulnerable to fire.
   Fly:       It grants you flight.
 A - an amulet of reflection
   (You found it in a sewer)
 I - a ring of protection from cold
   (You bought it in a shop on level 2 of the Dungeon)
 N - a ring of positive energy (right hand)
   (You found it on level 7 of the Dungeon)
Wands
 d - a wand of iceblast (7)
   (You found it on level 8 of the Dungeon)
 f - a wand of flame (3)
   (You took it off Blork the orc on level 5 of the Dungeon)
 R - a wand of polymorph (11)
   (You found it on level 6 of the Dungeon)
Scrolls
 e - 4 scrolls of fear
 g - a scroll of poison {!r}
 l - 6 scrolls of magic mapping
 p - 7 scrolls of teleportation {unknown}
 q - 3 scrolls of noise {!r}
 t - a scroll of butterflies {unknown}
 E - a scroll of fog
 K - a scroll of silence
Potions
 j - a potion of magic {unknown}
 m - 7 potions of curing {@q1}
 n - a potion of degeneration {unknown}
 o - 2 potions of brilliance {unknown}
 r - 4 potions of lignification {!q}
 u - 2 potions of flight {unknown}
 v - a potion of attraction {unknown}
 x - a potion of resistance {unknown}
 z - 2 potions of mutation {!q}
 B - a potion of invisibility
 C - 3 potions of heal wounds {@q2}
 D - 3 potions of haste {@q3}
 F - a potion of might {unknown}
 J - a potion of berserk rage {unknown}


   Skills:
 + Level 9.2 Fighting
 + Level 9.7(11.8) Axes
 * Level 10.8(12.3) Maces & Flails
 * Level 10.0 Ranged Weapons
 - Level 2.4 Armour
 - Level 2.1 Dodging
 + Level 6.2 Stealth


You had 10 spell levels left.
You didn't know any spells.
Your spell library was empty.

Dungeon Overview and Level Annotations

Branches:
Dungeon (9/15)             Temple (0/1) D:6             Orc (1/2) D:9
  Sewer (visited)         Ossuary (visited)
   Lair: D:8-11

Altars:
Cheibriados
Dithmenos
Makhleb
Xom
The Shining One

Shops:
D:2 *   D:6 *   D:8 *=


Innate Abilities, Weirdness & Mutations

You have a pair of horns on your head.
You reflexively headbutt those who attack you in melee.


Message History

The fire burns you terribly!
You slash the orc high priest! You headbutt the orc high priest!
You kill the orc high priest!
Trog accepts your kill.
The sun demon disappears in a puff of smoke!
You slash the orc knight!
The orc knight roars a battlecry!
The orc knight hits you with a +0 war axe.
Something hits you but does no damage.
Your Ranged Weapons skill increases to level 10!
Your skin crawls.
You feel strong-willed.
The orc knight hits you with a +0 war axe!
Something hits you but does no damage.
The orc knight hits you with a +0 war axe!
* * * LOW HITPOINT WARNING * * *
Something hits you.
* * * LOW HITPOINT WARNING * * *
You slash the orc knight! You miss something.
The orc knight hits you with a +0 war axe.
* * * LOW HITPOINT WARNING * * *
Something completely misses you.
Unknown command.
You closely miss the orc knight. You slash something!
The orc knight closely misses you. Something hits you but does no damage.
The orc knight hits you with a +0 war axe!
* * * LOW HITPOINT WARNING * * *
Something hits you but does no damage.
You hit the orc knight but do no damage.
You headbutt the orc knight, but do no damage.
You slash something! Trog accepts your kill.
Trog appreciates your killing of a magic user.
Reactivating autopickup.
You feel a bit more experienced.
The orc knight hits you but does no damage.
Unknown command.
You hit the orc knight. Your headbutt misses the orc knight.
The orc knight hits you with a +0 war axe!
* * * LOW HITPOINT WARNING * * *
An orc wizard comes into view. It is wielding a +0 dagger.
The orc knight hits you with a +0 war axe!
* * * LOW HITPOINT WARNING * * *
The orc wizard shouts!
You slash the orc knight! Your headbutt misses the orc knight.
The orc knight hits you with a +0 war axe!
* * * LOW HITPOINT WARNING * * *
The orc knight hits you with a +0 war axe!!
You die...

### . ##.## ..##
#...# .....
#<.###
.....###.[[.##
.......#.)...#
.......)[...##
.......@o.###
.#...#.#)###
.........).#
#....#.#.....o..§
......##≈≈≈≈#o.#§
..>... #≈≈≈≈# .#
...... #≈≈.≈#
.....^ #≈≈≈.# ..#
#####o


You could see an orc knight and an orc wizard.

Vanquished Creatures
  2 two-headed ogres (D:9)
  An orc high priest (Orc:1)
  Pikel (D:8)
  2 orc knights (D:9)
  Sigmund (D:3)
  A wyvern (D:7)
  10 yaks (D:9)
  2 steam dragons (D:8)
  Menkaure (D:5)
  2 wargs (Orc:1)
  2 water moccasins
  Duvessa (D:5)
  A black bear (D:6)
  10 orc warriors
  A sky beast (D:7)
  3 ice beasts
  A centaur (D:9)
  2 ogres
  A phantom (D:6)
  2 lemures (D:8)
  Blork the orc (D:5)
  2 kobold brigands
  2 bullfrogs (D:8)
  3 scorpions
  2 necrophages (D:5)
  A wight (D:8)
  Dowan (D:5)
  10 killer bees
  3 electric eels (D:9)
  3 hounds
  A centaur zombie (Ossuary)
  2 jellies
  15 orc priests
  Jessica (D:3)
  4 iguanas (D:6)
  10 orc wizards
  A hell rat (Sewer)
  3 mummies
  Robin (D:3)
  6 adders
  2 ufetubi
  A worm (D:3)
  2 dart slugs
  37 orcs
  6 ball pythons
  8 endoplasms
  8 giant cockroaches
  2 gnoll zombies (Ossuary)
  10 goblins
  7 hobgoblins
  4 jackals (D:1)
  4 quokkas
  5 bats
  5 frilled lizards
  5 goblin zombies
  5 hobgoblin zombies (Ossuary)
  16 kobolds
  3 orc zombies (Ossuary)
  9 rats
258 creatures vanquished.

Notes
Turn   | Place    | Note
-------+----------+-------------------------------------------
     0 | D:1      | Pooter the Minotaur Berserker began the quest for the Orb.
     0 | D:1      | Reached XP level 1. HP: 19/19 MP: 0/0
   177 | D:1      | Reached XP level 2. HP: 27/27 MP: 1/1
   420 | D:1      | Reached ** piety under Trog
   495 | D:1      | Reached skill level 1 in Stealth
   497 | D:1      | Reached XP level 3. HP: 32/33 MP: 2/2
   912 | D:2      | Found Enume's Assorted Antiques.
   918 | D:2      | Bought a yellow potion for 27 gold pieces
   918 | D:2      | Bought a scroll labelled JAIMNUSEDE for 30 gold pieces
  1102 | D:2      | Bought a scroll labelled MUEH FEFIE for 30 gold pieces
  1735 | D:3      | Noticed a scorpion
  1741 | D:3      | Killed a scorpion
  1742 | D:3      | Reached skill level 5 in Axes
  1742 | D:3      | Reached XP level 4. HP: 40/41 MP: 3/3
  1800 | D:3      | Noticed Robin
  1811 | D:3      | Killed Robin
  1812 | D:3      | Reached XP level 5. HP: 47/47 MP: 4/4
  1896 | D:3      | Noticed Jessica
  1896 | D:3      | Noticed Sigmund
  2113 | D:3      | Reached skill level 1 in Ranged Weapons
  2187 | D:3      | Killed Sigmund
  2188 | D:3      | Reached skill level 5 in Fighting
  2188 | D:3      | Reached XP level 6. HP: 56/56 MP: 5/5
  2211 | D:3      | Killed Jessica
  2525 | D:4      | Found a glowing drain.
  2555 | Sewer    | Entered a sewer
  2916 | D:4      | Found a glowing golden altar of the Shining One.
  2991 | D:4      | Acquired the ring "Qoara" {Fly rF- Slay+6}
  3305 | D:4      | Found a snail-covered altar of Cheibriados.
  3829 | D:2      | Bought a ruby ring for 150 gold pieces
  3918 | D:5      | Entered Level 5 of the Dungeon
  3924 | D:5      | Noticed Blork the orc
  3935 | D:5      | Killed Blork the orc
  3936 | D:5      | Reached XP level 7. HP: 60/60 MP: 6/6
  4049 | D:5      | Noticed Duvessa
  4049 | D:5      | Noticed Dowan
  4053 | D:5      | Killed Duvessa
  4062 | D:5      | Killed Dowan
  4275 | D:5      | Reached XP level 8. HP: 70/70 MP: 7/7
  4523 | D:5      | Noticed Menkaure
  4526 | D:5      | Killed Menkaure
  4726 | D:6      | Reached *** piety under Trog
  4737 | D:6      | Reached skill level 5 in Maces & Flails
  4773 | D:6      | Reached skill level 5 in Ranged Weapons
  4913 | D:6      | Found a staircase to the Ecumenical Temple.
  5023 | D:6      | Found Soenoatu's Assorted Antiques.
  5029 | D:6      | Bought a scroll of identify for 48 gold pieces
  5029 | D:6      | Bought a scroll of identify for 48 gold pieces
  5029 | D:6      | Bought an inky potion for 21 gold pieces
  5812 | D:7      | Reached XP level 9. HP: 78/78 MP: 8/8
  7028 | D:8      | Noticed Pikel
  7037 | D:8      | Killed Pikel
  7049 | D:8      | Found a sand-covered staircase.
  7054 | Ossuary  | Entered an ossuary
  7089 | Ossuary  | Reached **** piety under Trog
  7243 | D:6      | Bought an embroidered cloak for 180 gold pieces
  7449 | D:8      | Found Qumy's One-of-a-Kind Rings.
  7654 | D:8      | Found the +7 staff of the Meek {protect, meekguard}
  7798 | D:8      | Reached skill level 5 in Stealth
  7798 | D:8      | Reached XP level 10. HP: 87/88 MP: 9/9
  7813 | D:8      | Found a shadowy altar of Dithmenos.
  7818 | D:8      | Found a shimmering altar of Xom.
  7957 | D:8      | Found Citer's Elemental Accessories.
  7978 | D:8      | Bought a wand of flame (4) for 44 gold pieces
  9612 | D:9      | Noticed a two-headed ogre
  9619 | D:9      | Killed a two-headed ogre
  9693 | D:9      | Found a burning altar of Makhleb.
  9835 | D:9      | Noticed a two-headed ogre
  9844 | D:9      | Killed a two-headed ogre
  9845 | D:9      | Reached skill level 10 in Maces & Flails
 10171 | D:9      | Reached XP level 11. HP: 95/95 MP: 10/10
 10254 | D:9      | Found a staircase to the Orcish Mines.
 10616 | Orc:1    | Entered Level 1 of the Orcish Mines
 10616 | Orc:1    | Noticed an orc knight
 10630 | D:9      | Killed an orc knight
 10708 | Orc:1    | Noticed an orc knight
 10780 | D:9      | Killed an orc knight
 10874 | Orc:1    | Noticed an orc knight
 10875 | Orc:1    | Noticed an orc high priest
 10884 | Orc:1    | Noticed a sun demon
 10890 | Orc:1    | Killed an orc high priest
 10891 | Orc:1    | Reached skill level 10 in Ranged Weapons
 10896 | Orc:1    | Slain by an orc knight

Illustrated notes

Levels and vault maps discovered:
D:1:      dpeg_arrival_stonehenge_8_columns, layout_loops_ring, nicolae_titane
D:2:      layout_basic, serial_curves, eino_curves_02, eino_curves_04,
          eino_curves_03, eino_curves_02, serial_shops, shop
D:3:      layout_basic, uniq_robin, uniq_jessica, uniq_sigmund
D:4:      layout_basic, mainiacjoe_overflow_six_doors_small,
          lemuel_coloured_pillars_altar, gup_sewer_entry_glass,
          minmay_misc_feat_tiny
D:5:      layout_loops_ring, uniq_blork_the_orc, uniq_duvessa, uniq_menkaure
D:6:      layout_cave_pools, minmay_temple_entry_junction, serial_shops,
          nicolae_shop_trees
D:7:      layout_basic, st_stairs_6, minmay_door_square
D:8:      layout_basic, jmf_multi_god_temple, nicolae_ossuary_entry_giza,
          nicolae_elemental_shop, st_stairs_6, nicolae_shop_unique_rings,
          pf_guarded_unrand_meek, uniq_pikel
D:9:      layout_loops_ring, bloody_makhleb, erik_orc_2
Orc:1:    layout_caves, guppyfry_orc_lava_fort

Skill      XL: |  1  2  3  4  5  6  7  8  9 10 11 |
---------------+----------------------------------+-----
Axes           | 4 5 6 7 8 9 |  9.7
Fighting       | 4 5 6 7 8 9 |  9.2
Stealth        | 1 2 3 4 5 6 |  6.2
Ranged Weapons | 2 3 4 6 7 9 10 | 10.0
Maces & Flails | 2 3 4 6 8 10 | 10.8
Armour         | |  2.4
Dodging        | |  2.1

Action                   |  1- 3 |  4- 6 |  7- 9 | 10-12 || total
-------------------------+-------+-------+-------+-------++-------
Melee: Hand axe          |    81 |    23 |       |       ||   104
       Headbutt          |     5 |    14 |    36 |    20 ||    75
       Punch             |     1 |     1 |     1 |       ||     3
       Morningstar       |       |    60 |   158 |       ||   218
       Battleaxe         |       |       |    11 |   118 ||   129
 Fire: Sling             |       |    34 |    24 |       ||    58
       Shortbow          |       |       |       |   121 ||   121
Throw: Dart              |     3 |    13 |    10 |     5 ||    31
Invok: Berserk           |       |     6 |     9 |     8 ||    23
       Trog's Hand       |       |     2 |     2 |     7 ||    11
Evoke: Wand              |       |       |     4 |    10 ||    14
  Use: Scroll            |     2 |     5 |    14 |     2 ||    23
       Potion            |       |       |     1 |     1 ||     2
 Stab: Sleeping          |     1 |       |       |       ||     1
Armor: Animal skin       |    15 |       |       |       ||    15
       Chain mail        |    21 |    26 |       |       ||    47
       Plate armour      |       |    40 |   100 |    72 ||   212
Dodge: Dodged            |    54 |    39 |    46 |    33 ||   172

Table legend: (Time is in decaauts)
 A = Elapsed time spent in this place.
 B = Non-inter-level travel time spent in this place.
 C = Inter-level travel time spent in this place.
 D = Time resting spent in this place.
 E = Time spent auto-exploring this place.
 F = Levels seen in this place.
 G = Mean time per level.
                   A        B        C        D        E       F      G
               +--------+--------+--------+--------+--------+-----+--------+
         Total |  11236 |  10670 |    566 |   3621 |   4914 |  12 |  936.3 |
       Dungeon |  10673 |  10108 |    565 |   3322 |   4847 |   9 | 1185.9 |
  Orcish Mines |     85 |     85 |      0 |     18 |      0 |   1 |   85.0 |
         Sewer |    357 |    357 |      0 |    263 |     43 |   1 |  357.0 |
       Ossuary |    120 |    120 |      0 |     18 |     24 |   1 |  120.0 |
               +--------+--------+--------+--------+--------+-----+--------+

Top non-repeatable levels by time:
     D:9: 2871 daAuts
     D:7: 1766 daAuts
     D:2: 1032 daAuts
     D:4: 1004 daAuts
     D:8: 861 daAuts
     D:5: 858 daAuts
     D:3: 845 daAuts
     D:1: 775 daAuts
     D:6: 658 daAuts
   Sewer: 357 daAuts
 Ossuary: 120 daAuts
   Orc:1: 85 daAuts
